 Dungeon Crawl Stone Soup version 0.14-a0-3367-g7c2a7eb (webtiles) character file.

92 4tharraofdagon the Slasher (level 4, -4/31 HPs)
             Began as a Halfling Berserker on Mar 19, 2014.
             Was a Follower of Trog.
             Slain by a giant gecko (5 damage)
             ... on Level 4 of the Dungeon.
             The game lasted 00:02:41 (523 turns).

4tharraofdagon the Slasher (Halfling Berserker)      Turns: 523, Time: 00:02:41

HP  -4/31        AC  3     Str 15      XL: 4   Next:  0%
MP   4/4         EV 11     Int  7      God: Trog [*.....]
Gold 44          SH  0     Dex 15      Spells:  0 memorised,  3 levels left

rFire  . . .     SeeInvis .     t - +1,+0 short sword (vamp)
rCold  . . .     Clarity  .     b - +0 animal skin
rNeg   . . .     Conserve .     (no shield)
rPois  .         rCorr    .     (no helmet)
rElec  .         rRot     .     (no cloak)
SustAb . .       Spirit   .     o - +0 pair of gloves
rMut   .         Warding  .     (no boots)
Saprov . . .     Stasis   .     (no amulet)
MR     .....                    (no ring)
                                q - cursed -4 ring of evasion

@: not resistant to hostile enchantments, unstealthy
A: mutation resistance 1, slow metabolism 1
a: Burn Spellbooks, Berserk, Renounce Religion


You were on level 4 of the Dungeon.
You worshipped Trog.
Trog was aware of your devotion.
You were not hungry.

You visited 1 branch of the dungeon, and saw 4 of its levels.

You collected 44 gold pieces.

Inventory:

Hand weapons
 a - a +0,+0 falchion
 t - a +1,+0 vampiric short sword (weapon)
Armour
 b - a +0 animal skin (worn)
 o - a +0 pair of gloves (worn)
Magical devices
 n - a wand of magic darts (7) {unknown}
Comestibles
 c - a bread ration
 p - a meat ration
Scrolls
 f - 2 scrolls of enchant weapon II {unknown}
 j - a scroll of immolation {unknown}
 l - a scroll of remove curse {unknown}
 m - a scroll of enchant armour {unknown}
 r - a scroll of fear {unknown}
Jewellery
 d - an uncursed amulet of conservation {unknown}
 q - a cursed -4 ring of evasion (left hand)
Potions
 e - a potion of curing
 g - a potion of resistance {unknown}
 h - a potion of heal wounds {unknown}
 i - a potion of porridge
 k - a potion of poison {unknown}
Books
 s - a book of the Warp

   Spells                             Type                      Level
   Control Teleport                   Charms/Translocation         4
   Phase Shift                        Translocation                5
   Warp Weapon                        Charms/Translocation         5
   Summon Forest                      Summoning/Translocation      5
   Dispersal                          Translocation                6
   Controlled Blink                   Translocation                7
   Disjunction                        Translocation                8
   Trog disapproves of the use of such an item.


   Skills:
 + Level 3.1 Fighting
 * Level 0.0 Short Blades
 - Level 3.6 Long Blades
 + Level 1.9 Armour
 + Level 3.1 Dodging


You had 3 spell levels left.
You didn't know any spells.

Dungeon Overview and Level Annotations

Branches:
Dungeon (4/15)
 Temple: D:4-7

Altars:


Innate Abilities, Weirdness & Mutations

You are small and have problems with some larger weapons.
You are somewhat resistant to further mutation.
You have a slow metabolism.


Message History

You hit the orc skeleton.
The giant gecko bites you but does no damage.
The orc skeleton barely misses you.
A kobold comes into view.
You hit the orc skeleton. The giant gecko bites you. The hobgoblin hits you.
* * * LOW HITPOINT WARNING * * *
The orc skeleton closely misses you.
The giant gecko bites you but does no damage.
You are too injured to fight recklessly!
You are too injured to fight recklessly!
Unknown command.
The hobgoblin closely misses you.
There is a stone staircase leading up here.
Unknown command.
The hobgoblin hits you.
* * * LOW HITPOINT WARNING * * *
The hobgoblin hits you.
* * * LOW HITPOINT WARNING * * *
The giant gecko bites you.
You die...

#.# ..# #.#
##.## ..
#...#
##.###.$.###
#..K.......#
........g...#
#.....zg@..#
##.###.l.###
#...# #####


You could see a giant gecko, 2 hobgoblins, a kobold and an orc skeleton.

Vanquished Creatures
  A worker ant (D:3)
  An adder (D:3)
  An orc (D:3)
  2 kobolds
  4 quokkas (D:3)
  4 bats (D:3)
  2 giant cockroaches (D:3)
  A giant gecko (D:3)
  A goblin (D:3)
  A rat (D:3)
18 creatures vanquished.

Notes
Turn   | Place    | Note
--------------------------------------------------------------
     0 | D:1      | 4tharraofdagon, the Halfling Berserker, began the quest for the Orb.
     0 | D:1      | Reached XP level 1. HP: 15/15 MP: 1/1
   181 | D:3      | Reached XP level 2. HP: 8/20 MP: 2/2
   183 | D:3      | Noticed a worker ant
   221 | D:3      | Killed a worker ant
   221 | D:3      | Reached XP level 3. HP: 10/26 MP: 3/3
   451 | D:3      | Reached XP level 4. HP: 11/31 MP: 4/4
   523 | D:4      | HP: 1/31 [hobgoblin (1)]
   523 | D:4      | Slain by a giant gecko

Action                   |  1- 3 |  4- 6 || total
-------------------------+-------+-------++-------
Melee: Falchion          |    60 |       ||    60
       Short sword       |       |     6 ||     6
Invok: Berserk           |     1 |       ||     1
  Use: Potion            |     2 |       ||     2
